 Dungeon Crawl Stone Soup version 0.24-a0-251-g44e327e (webtiles) character file.

Game seed: 3232769129965640751

12715 TheGoonsmith the Fighter (level 11, 0/101 HPs)
             Began as a Green Draconian Conjurer on Apr 16, 2019.
             Was an Elder of Vehumet.
             Slain by a minotaur
             ... wielding the +8 war axe of a volcano {freeze, *Noise rC- MR+++ SInv}
              (10 damage)
             ... in a Gauntlet.
             The game lasted 00:31:25 (13780 turns).

TheGoonsmith the Fighter (DrCj)                    Turns: 13780, Time: 00:31:26

Health: 0/101      AC: 12    Str: 19    XL:     11   Next: 66%
Magic:  1/21       EV: 28    Int: 26    God:    Vehumet [****..]
Gold:   437        SH:  5    Dex: 17    Spells: 11/24 levels left

rFire    . . .     SeeInvis .   O - +6 whip "Jomnor" {drain, rPois rC- Str+5 Int+8}
rCold    . . .     Gourm    .   z - +0 buckler
rNeg     . . .     Faith    .   (armour unavailable)
rPois    +         Spirit   .   S - +0 hat {MR+}
rElec    .         Reflect  .   D - scarf {repulsion}
rCorr    .         Harm     .   y - +2 pair of gloves {Str+3}
MR       +....     NoTele   +   f - +1 pair of boots
Stlth    +++.......             (no amulet)
HPRegen  0.26/turn              d - +6 ring of evasion
MPRegen  0.17/turn              s - ring of protection from cold

@: agile, short of breath, repel missiles
A: breathe noxious fumes, unfitting armour, poison resistance, cold-blooded, AC
+7
a: Breathe Noxious Fumes, Renounce Religion


You were in a Gauntlet.
You worshipped Vehumet.
Vehumet was greatly pleased with you.
You were not hungry.

You visited 3 branches of the dungeon, and saw 14 of its levels.
You also visited: Gauntlet.

You collected 437 gold pieces.

Inventory:

Hand Weapons
 a - a +2 whip of electrocution
 h - a +0 club
 o - a +3 short sword of flaming
 O - the +6 whip "Jomnor" (weapon) {drain, rPois rC- Str+5 Int+8}
   (You found it on level 1 of the Lair of Beasts)

   A truly terrible weapon, it drains the life of those it strikes.
   It affects your strength (+5).
   It affects your intelligence (+8).
   It makes you vulnerable to cold.
   It protects you from poison.
Armour
 f - a +1 pair of boots (worn)
 n - a scarf of spirit shield
 r - a +2 hat
 u - a +0 cloak
 y - a +2 pair of gloves of strength (worn)
 z - a +0 buckler (worn)
 D - a scarf of repulsion (worn)
 S - a +0 hat of magic resistance (worn)
Jewellery
 d - a +6 ring of evasion (left hand)
 e - an uncursed ring of protection from fire
 s - a ring of protection from cold (right hand)
 B - the ring "Neoseomo" {*Drain rN+ Int+5 Dex+3}
   (You found it on level 9 of the Dungeon)

   [ring of intelligence]

   It affects your intelligence (+5).
   It affects your dexterity (+3).
   It protects you from negative energy.
   It causes draining when unequipped.
 C - an uncursed amulet of guardian spirit
 F - an uncursed ring of poison resistance {unknown}
 I - a cursed -2 ring of protection {unknown}
 J - an uncursed ring of magical power {unknown}
 M - an uncursed amulet of magic regeneration {unknown}
 N - an uncursed ring of protection from cold
 Q - the ring of Loiss {rPois Str+2 Dex+3, unknown}
   (You found it in a Gauntlet)

   [ring of strength]

   It affects your strength (+2).
   It affects your dexterity (+3).
   It protects you from poison.
Wands
 i - a wand of enslavement (9)
 E - a wand of polymorph (8)
 G - a wand of iceblast (6)
Scrolls
 c - 12 scrolls of remove curse
 l - a scroll of teleportation
 q - a scroll of enchant weapon
 A - a scroll of magic mapping
 H - a scroll of brand weapon
 K - a scroll of fog
 L - a scroll of fear
 P - a scroll of identify
 R - 3 scrolls of vulnerability {unknown}
 T - a scroll of acquirement
Potions
 g - 4 potions of curing
 j - 3 potions of haste
 k - a potion of invisibility
 m - a potion of agility
 p - a potion of brilliance {unknown}
 t - a potion of heal wounds {unknown}
 v - a potion of berserk rage
 w - a potion of flight
 x - 2 potions of lignification
Comestibles
 b - 19 rations


   Skills:
 - Level 10.3 Fighting
 - Level 4.0 Maces & Flails
 + Level 7.6 Dodging
 - Level 1.7 Stealth
 - Level 4.0 Shields
 - Level 7.0 Spellcasting
 - Level 9.1 Conjurations
 - Level 5.1 Hexes
 - Level 3.1 Translocations


You had 11 spell levels left.
You knew the following spells:

 Your Spells              Type           Power        Failure   Level  Hunger
a - Magic Dart            Conj           ####         1%          1    None
b - Searing Ray           Conj           ######       1%          2    None
c - Fulminant Prism       Conj/Hex       #####.....   1%          4    ###....
e - Blink                 Tloc           N/A          2%          2    None
x - Iskenderun's Mystic   Conj           ######..     1%          4    ###....

Your spell library contained the following spells:

 Spells                   Type           Power        Failure   Level  Hunger
 Bolt of Draining         Conj/Necr      ####......   7%          5    #####..
 Apportation              Tloc           ####..       1%          1    None
 Confusing Touch          Hex            #####.       1%          1    None
 Corona                   Hex            #####..      1%          1    None
 Flame Tongue             Conj/Fire      ####.        1%          1    None
 Sting                    Conj/Pois      ####         1%          1    None
 Slow                     Hex            #####...     1%          2    None
 Throw Flame              Conj/Fire      ####..       1%          2    None
 Conjure Flame            Conj/Fire      ####....     1%          3    None
 Dazzling Spray           Conj/Hex       #####.       1%          3    None
 Inner Flame              Hex/Fire       ###.....     1%          3    None
 Mephitic Cloud           Conj/Pois/Air  ####....     1%          3    None
 Force Lance              Conj/Tloc      #####...     1%          4    ###....
 Confuse                  Hex            #####...     2%          3    None
 Tukima's Dance           Hex            #####...     2%          3    None
 Sticky Flame             Conj/Fire      ####....     2%          4    ###....
 Ensorcelled Hibernation  Hex/Ice        ###...       3%          2    None
 Animate Skeleton         Necr           N/A          6%          1    None
 Summon Small Mammal      Summ           #...         6%          1    None
 Fireball                 Conj/Fire      ####......   7%          5    #####..
 Venom Bolt               Conj/Pois      ####......   7%          5    #####..
 Call Imp                 Summ           #.......     10%         2    None
 Poisonous Vapours        Pois/Air       #.....       10%         2    None
 Olgreb's Toxic Radiance  Pois           #.......     16%         4    ###....


Dungeon Overview and Level Annotations

Branches:
Dungeon (11/15)            Temple (1/1) D:4            Lair (2/6) D:9
  Swamp: Lair:2-4    Shoals: Lair:2-4     Snake: Lair:2-4    Spider: Lair:2-4
    Orc: D:9-12

Altars:
Dithmenos
Elyvilon
Fedhas
Gozag
Hepliaklqana
Nemelex Xobeh
Okawaru
Qazlal
Ru
Sif Muna
Trog
Uskayaw
Vehumet
Wu Jian
Yredelemnul
Zin
The Shining One

Shops:
D:4 =   D:11 =

Annotations:
Lair:1 2 transporters, Umot's ghost, journeyman FoFi Gauntlet 4 transporters


Innate Abilities, Weirdness & Mutations

You can breathe blasts of noxious fumes.
Your lurid green scales are hard. (AC +7)
You cannot fit into any form of body armour.
Your system is resistant to poisons. (rPois)
You are cold-blooded and may be slowed by cold attacks.


Message History

You exhale a blast of noxious fumes.
The blast of choking fumes hits the minotaur.
The minotaur is heavily wounded.
You feel somewhat more hungry.
The minotaur is engulfed in noxious fumes.
The minotaur appears confused.
The minotaur hits you with the +8 war axe of a volcano {freeze, *Noise rC- MR+++ SInv}!!
The minotaur freezes you! The minotaur closely misses you.
You are too injured to fight recklessly!
You are too injured to fight recklessly!
You are too injured to fight recklessly!
You whack the minotaur! You drain the minotaur.
You tail-slap the minotaur, but do no damage.
The minotaur is heavily wounded.
The minotaur hits you with the +8 war axe of a volcano {freeze, *Noise rC- MR+++ SInv}!!
* * * LOW HITPOINT WARNING * * *
The minotaur freezes you.
* * * LOW HITPOINT WARNING * * *
The minotaur gores you!
You die...

### .. ... .8 ##.# #.
... . .####.≈..
..#.#...#..#$.≈.
#########.#.#.8.#..#####
#8[8:8.8#...#...#≈......
#∩.○○○○@'(###.8.#∩......
#8[8=8H8#...#...#≈......
#########.#.#.8.#..#####
.....#.#...#..#..).
#8........8.####.###
##.##.###.....©#.#..
#........8.####...#
########§§.#..#.#.#
#§8≈#..#.#..


You could see a minotaur (confused).

Vanquished Creatures
  An unseen horror (D:6)
  A glowing orange brain (Gauntlet)
  Pikel (D:5)
  2 ugly things (Gauntlet)
  A moth of wrath (Gauntlet)
  An elephant (D:9)
  A black mamba (Lair:2)
  Psyche (D:8)
  A rime drake (Lair:2)
  3 spiny frogs (Lair:1)
  A troll (D:10)
  Grinder (D:3)
  3 hippogriffs
  2 centaur simulacra (Gauntlet)
  A yak (D:8)
  3 hogs
  A human (D:8)
  A basilisk (Lair:1)
  2 hungry ghosts (D:8)
  6 water moccasins
  Duvessa (D:7)
  A porcupine (Lair:1)
  A sky beast (D:6)
  4 phantoms
  4 slaves (D:5)
  An orc warrior (D:6)
  A black bear (D:6)
  An ice beast (D:10)
  A necrophage (D:8)
  6 ogres
  5 wolves (Gauntlet)
  6 centaurs
  4 crocodiles
  A big kobold (D:8)
  Blork the orc (D:4)
  8 bullfrogs
  A gnoll sergeant (D:8)
  A wyvern zombie (D:9)
  A hornet simulacrum (Gauntlet)
  Dowan (D:7)
  A scorpion (D:9)
  5 killer bees (D:8)
  2 howler monkeys (D:6)
  4 crimson imps
  2 quasits
  3 jellies
  2 hounds
  An orc priest (D:3)
  Crazy Yiuf (D:3)
  4 bullfrog skeletons
  3 iguanas
  9 orc wizards
  7 worker ants
  A killer bee zombie (D:5)
  A bullfrog simulacrum (Gauntlet)
  2 hound skeletons
  A worker ant zombie (D:5)
  12 gnolls
  6 adders
  An ooze (D:2)
  An adder skeleton (D:5)
  6 worms
  5 dart slugs
  4 leopard geckos
  27 orcs
  A ball python (D:3)
  2 giant cockroaches
  12 goblins
  11 hobgoblins
  15 jackals
  5 quokkas
  8 bats
  4 frilled lizards
  A giant cockroach zombie (D:5)
  15 kobolds
  A leopard gecko zombie (D:5)
  2 quokka skeletons
  10 rats
  A fungus (D:9)
283 creatures vanquished.

Vanquished Creatures (collateral kills)
  A killer bee (D:8)
1 creature vanquished.

Vanquished Creatures (others)
  24 fulminant prisms
24 creatures vanquished.

Grand Total: 308 creatures vanquished

Notes
Turn   | Place    | Note
-------+----------+-------------------------------------------
     0 | D:1      | TheGoonsmith the Draconian Conjurer began the quest for the
                  | Orb.
     0 | D:1      | Reached XP level 1. HP: 14/14 MP: 3/3
   328 | D:1      | Reached XP level 2. HP: 20/20 MP: 1/5
   469 | D:1      | Learned a level 2 spell: Searing Ray
  1045 | D:1      | Reached XP level 3. HP: 26/26 MP: 1/7
  2463 | D:2      | Found a bloodstained altar of Trog.
  2470 | D:2      | Reached XP level 4. HP: 33/33 MP: 6/8
  3578 | D:3      | Reached skill level 5 in Conjurations
  3610 | D:3      | Reached XP level 5. HP: 34/38 MP: 0/10
  3947 | D:3      | Noticed Grinder
  3953 | D:3      | Paralysed by Grinder for 4 turns
  3961 | D:3      | Paralysed by Grinder for 2 turns
  4068 | D:3      | Killed Grinder
  4068 | D:3      | Reached XP level 6. HP: 28/45 MP: 3/12
  4298 | D:3      | Reached skill level 1 in Fighting
  4548 | D:3      | Reached skill level 2 in Fighting
  4554 | D:3      | Learned a level 4 spell: Fulminant Prism
  4559 | D:3      | Learned a level 4 spell: Iskenderun's Mystic Blast
  4718 | D:3      | Found a runed translucent door.
  4719 | D:3      | Noticed Crazy Yiuf
  4767 | D:3      | Killed Crazy Yiuf
  4837 | D:4      | Found Beseig's Jewellery Shop.
  4837 | D:4      | Noticed Blork the orc
  4952 | D:4      | Found a staircase to the Ecumenical Temple.
  4967 | Temple   | Entered the Ecumenical Temple
  4995 | Temple   | Became a worshipper of Vehumet
  5127 | D:4      | Your scales start taking on a lurid green colour.
  5127 | D:4      | Reached XP level 7. HP: 55/55 MP: 8/13
  5127 | D:4      | Gained mutation: Your system is resistant to poisons.
                  | (rPois) [Green Draconian growth]
  5253 | D:4      | Killed Blork the orc
  5253 | D:4      | Reached skill level 5 in Spellcasting
  5653 | D:5      | Entered Level 5 of the Dungeon
  5927 | D:5      | Found a hide-covered altar of Uskayaw.
  6052 | D:5      | Reached XP level 8. HP: 61/61 MP: 12/15
  6081 | D:5      | Reached skill level 1 in Hexes
  6177 | D:5      | Found an ornate altar of the Wu Jian Council.
  6333 | D:5      | Noticed Pikel
  6385 | D:5      | Killed Pikel
  6859 | D:5      | Reached * piety under Vehumet
  6859 | D:5      | Offered knowledge of Flame Tongue by Vehumet.
  6973 | D:6      | Reached skill level 3 in Fighting
  7106 | D:6      | HP: 2/63 [orc warrior/+0 scimitar (16)]
  7109 | D:6      | Reached XP level 9. HP: 3/70 MP: 14/17
  7497 | D:6      | Found a blossoming altar of Fedhas.
  7528 | D:6      | Reached skill level 4 in Fighting
  7973 | D:6      | HP: 3/71 [something (5)]
  8001 | D:6      | Killed an unseen horror
  8001 | D:6      | Reached skill level 5 in Fighting
  8093 | D:6      | Reached skill level 5 in Hexes
  8338 | D:6      | Learned a level 2 spell: Blink
  8540 | D:7      | Reached skill level 1 in Translocations
  8614 | D:7      | Found a sparkling altar of Nemelex Xobeh.
  8994 | D:7      | Reached skill level 5 in Dodging
  9177 | D:7      | Noticed Duvessa
  9177 | D:7      | Noticed Dowan
  9183 | D:7      | Killed Duvessa
  9188 | D:7      | Killed Dowan
  9188 | D:7      | Reached skill level 1 in Maces & Flails
  9407 | D:8      | Offered knowledge of Throw Flame by Vehumet.
  9427 | D:8      | Reached ** piety under Vehumet
  9427 | D:8      | Reached XP level 10. HP: 72/81 MP: 11/19
  9431 | D:8      | Noticed Psyche
 10096 | D:8      | Found a basalt altar of Yredelemnul.
 10253 | D:8      | Reached skill level 6 in Fighting
 10391 | D:8      | Offered knowledge of Stone Arrow by Vehumet.
 10551 | D:8      | Reached *** piety under Vehumet
 10551 | D:8      | Killed Psyche
 10708 | D:9      | Identified a scroll of acquirement
 10849 | D:9      | Noticed an elephant
 10855 | D:9      | Reached skill level 7 in Fighting
 10871 | D:9      | Reached skill level 1 in Shields
 10871 | D:9      | Killed an elephant
 11128 | D:9      | Found a staircase to the Lair.
 11262 | D:9      | Found an iron altar of Okawaru.
 11313 | D:9      | Found a stormy altar of Qazlal.
 11339 | D:9      | Got a transparent lead ring
 11354 | D:9      | Identified the ring "Neoseomo" {*Drain rN+ Int+5 Dex+3}
                  | (You found it on level 9 of the Dungeon)
 11566 | D:10     | Entered Level 10 of the Dungeon
 11599 | D:10     | Offered knowledge of Airstrike by Vehumet.
 11855 | D:10     | Reached XP level 11. HP: 93/93 MP: 16/21
 12115 | D:11     | Found Tyluafia's Jewellery Emporium.
 12181 | Lair:1   | Entered Level 1 of the Lair of Beasts
 12207 | Lair:1   | Found a transporter.
 12220 | Lair:1   | Noticed Umot's ghost (journeyman FoFi)
 12231 | Lair:1   | Reached skill level 8 in Fighting
 12295 | Lair:1   | Found a transporter.
 12647 | Lair:1   | Got a steaming whip
 12648 | Lair:1   | Identified the +6 whip "Jomnor" {drain, rPois rC- Str+5
                  | Int+8} (You found it on level 1 of the Lair of Beasts)
 12714 | Lair:1   | Reached **** piety under Vehumet
 13080 | Lair:2   | Found a gate leading to a gauntlet.
 13101 | Lair:2   | Reached skill level 9 in Fighting
 13103 | Gauntlet | Entered a Gauntlet
 13103 | Gauntlet | Found a transporter.
 13103 | Gauntlet | Found a transporter.
 13297 | Gauntlet | Found a transporter.
 13301 | Gauntlet | Found a transporter.
 13374 | Gauntlet | Got a faintly glowing turquoise ring
 13377 | Gauntlet | Found a transporter.
 13406 | Gauntlet | Found a transporter.
 13551 | Gauntlet | Noticed a cyan ugly thing
 13556 | Gauntlet | Found a transporter.
 13558 | Gauntlet | Noticed a shining eye
 13558 | Gauntlet | Noticed a cyan ugly thing
 13561 | Gauntlet | Found a transporter.
 13563 | Gauntlet | Noticed a glowing orange brain
 13569 | Gauntlet | Found a transporter.
 13573 | Gauntlet | Noticed an orb spider
 13573 | Gauntlet | a shapeshifter changed into an orb spider
 13574 | Gauntlet | Noticed a death ooze
 13576 | Gauntlet | Killed a glowing orange brain
 13576 | Gauntlet | Offered knowledge of Bolt of Draining by Vehumet.
 13576 | Gauntlet | Reached skill level 10 in Fighting
 13583 | Gauntlet | Killed a cyan ugly thing
 13602 | Gauntlet | Killed a green ugly thing
 13719 | Gauntlet | Found a transporter.
 13759 | Gauntlet | Identified the +8 war axe of a volcano {freeze, *Noise rC-
                  | MR+++ SInv}
 13759 | Gauntlet | Identified the +6 scale mail "Okeul" {Dex+6}
 13759 | Gauntlet | Identified the ring of Astrecuro {Ice rElec MR+++ Str-5
                  | Int+8 Dex-5}
 13759 | Gauntlet | Noticed a minotaur
 13780 | Gauntlet | Slain by a minotaur

Levels and vault maps discovered:
D:1:      elethiomel_arrival_infinity_welcomes_careful_drivers, layout_basic,
          serial_co_window_serial, co_window_corner_a, co_window_paths_a,
          co_window_of_opportunity_a, co_window_paths_a, co_window_corner_a,
          co_window_broadway_b, co_window_of_opportunity_b, co_window_paths_c,
          co_window_cross_2, co_window_paths_c, co_window_4corner_a,
          glass_columns_a, glass_columns_c, glass_columns_b, glass_columns_a,
          glass_columns_a, serial_park_tiny_1
D:2:      layout_basic, bloody_trog, grunt_decor_arrowhead, minmay_3d_cube
D:3:      layout_basic, uniq_grinder, uniq_crazy_yiuf_cottage
D:4:      layout_rooms, temple_pool_b, serial_shops, shop, uniq_blork_the_orc
D:5:      layout_basic, lemuel_round_altar, old_standard_altar, first_ration,
          uniq_pikel
D:6:      hangedman_cross_stitches, layout_loops_ring, basic_altar
D:7:      layout_cave_pools, overflow_temple_1_default, uniq_duvessa
D:8:      layout_basic, nicolae_overflow_crystal_walls, grunt_livestock,
          uniq_psyche
D:9:      layout_rooms, nicolae_qazlal_style_of_elements,
          lemuel_coloured_pillars_altar, david_lair_generic
D:10:     layout_gridville, nicolae_straight_to_the_point
D:11:     layout_big_octagon, serial_shops, shop, minivault_29
Temple:   regret_index_temple_waves
Lair:1:   layout_misc_corridors, gammafunk_ghost_arena
Lair:2:   layout_regular_city, gammafunk_ghost_necromancy,
          gauntlet_entry_generic, serial_bayou_shore_a
Gauntlet: gammafunk_gauntlet_branching [nicolae_gauntlet_arena_quarters,
          gammafunk_gauntlet_arena_grid, gammafunk_gauntlet_arena_open,
          gammafunk_gauntlet_arena_spirals, nicolae_gauntlet_arena_t_cross,
          gammafunk_gauntlet_arena_arrow_garden,
          nicolae_gauntlet_arena_flowing_pool, nicolae_gauntlet_arena_grate_2,
          nicolae_gauntlet_exit_dead_adventurers]

Skill      XL: |  1  2  3  4  5  6  7  8  9 10 11 |
---------------+----------------------------------+-----
Dodging        | 2 5 6 7 |  7.6
Spellcasting   | 3 4 5 6 7 |  7.0
Conjurations   | 5 6 8 9 |  9.1
Fighting       | 2 3 5 7 10 | 10.3
Hexes          | 4 5 |  5.1
Translocations | 2 3 |  3.1
Maces & Flails | 1 4 |  4.0
Shields        | 2 4 |  4.0
Stealth        | |  1.7

Action                   |  1- 3 |  4- 6 |  7- 9 | 10-12 || total
-------------------------+-------+-------+-------+-------++-------
Melee: Club              |    25 |    11 |       |       ||    36
       Tailslap          |     4 |     6 |    13 |    15 ||    38
       Short sword       |       |    42 |    45 |       ||    87
       Whip              |       |       |    71 |   112 ||   183
 Cast: Magic Dart        |    88 |   141 |   221 |   218 ||   668
       Searing Ray       |     1 |     8 |    16 |    46 ||    71
       Iskenderun's Myst |       |       |     1 |       ||     1
       Fulminant Prism   |       |       |     6 |    18 ||    24
 Abil: Breathe Noxious F |       |       |    12 |     9 ||    21
  Use: Potion            |       |     2 |     2 |     1 ||     5
       Scroll            |       |       |    16 |     7 ||    23
 Stab: Confused          |       |       |     6 |     4 ||    10
       Sleeping          |       |       |     1 |       ||     1
  Eat: Chunk             |     2 |     8 |    14 |    11 ||    35
       Ration            |     1 |       |     1 |     2 ||     4
Armor: Skin              |     8 |    26 |    64 |    68 ||   166
Dodge: Dodged            |    28 |    55 |   169 |   260 ||   512
       Deflected         |       |       |       |     4 ||     4
Block: Buckler           |       |       |       |    48 ||    48

Table legend:
 A = Non-vault XP
 B = Vault XP
 C = Vault XP percentage of total XP
 D = Non-vault monster count
 E = Vault monster count
 F = Vault count percentage of total count
                 A         B        C        D         E       F
            +---------+---------+-------+---------+---------+-------
      Total |    9981 |    8184 |  45.1 |     236 |      43 |  15.4
            +---------+---------+-------+---------+---------+-------
        D:1 |      49 |       0 |   0.0 |      28 |       0 |   0.0
        D:2 |      96 |       8 |   7.7 |      31 |       5 |  13.9
        D:3 |     229 |     312 |  57.7 |      30 |       2 |   6.2
        D:4 |     276 |      99 |  26.4 |      13 |       1 |   7.1
        D:5 |     632 |     673 |  51.6 |      23 |       1 |   4.2
        D:6 |     688 |    1331 |  65.9 |      11 |       9 |  45.0
        D:7 |     762 |     412 |  35.1 |      23 |       3 |  11.5
        D:8 |    2245 |    1166 |  34.2 |      40 |       5 |  11.1
        D:9 |     639 |     924 |  59.1 |      12 |       4 |  25.0
       D:10 |     846 |       0 |   0.0 |       9 |       0 |   0.0
     Lair:1 |    2367 |       0 |   0.0 |      12 |       0 |   0.0
     Lair:2 |    1152 |       0 |   0.0 |       4 |       0 |   0.0
   Gauntlet |       0 |    3259 | 100.0 |       0 |      13 | 100.0
            +---------+---------+-------+---------+---------+-------
